 Dungeon Crawl Stone Soup version 0.22-a0-439-gac93bac (webtiles) character file.

436 iamserjio the Sneak (level 7, -1/41 HPs)
             Began as an Octopode Enchanter on May 29, 2018.
             Slain by Prince Ribbit (14 damage)
             ... on level 5 of the Dungeon.
             The game lasted 00:12:37 (6502 turns).

iamserjio the Sneak (Octopode Enchanter)            Turns: 6502, Time: 00:12:37

Health: -1/41      AC:  3    Str:  9    XL:     7   Next: 1%
Magic:  10/10      EV: 14    Int: 17    God:
Gold:   196        SH:  3    Dex: 13    Spells: 4/10 levels left

rFire    . . .     SeeInvis .   a - +1 dagger
rCold    . . .     Gourm    .   z - +0 buckler
rNeg     . . .     Faith    .   j - +2 hat
rPois    .         Spirit   .   (no amulet)
rElec    .         Reflect  .   (no ring)
rCorr    .         Harm     .   (no ring)
MR       .....                  (no ring)
Stlth    ++++......             (no ring)
HPRegen  0.13/turn              (no ring)
MPRegen  0.12/turn              (no ring)
                                (no ring)
                                (no ring)

@: invisible
A: almost no armour, stealthy swim, amphibious, 8 rings, constrict 8, camouflage
1, gelatinous body 1
a: no special abilities


You were on level 5 of the Dungeon.
You were not hungry.

You visited 1 branch of the dungeon, and saw 5 of its levels.

You collected 196 gold pieces.

Inventory:

Hand Weapons
 a - a +1 dagger (weapon)
 y - a +4 vampiric dagger
Missiles
 k - 179 stones (quivered)
Armour
 j - a +2 hat (worn)
 z - a +0 buckler (worn)
 A - a +0 shield
Jewellery
 h - an uncursed ring of fire {unknown}
Wands
 l - a wand of iceblast (5)
 u - a wand of disintegration (8)
 v - a wand of random effects (43)
Scrolls
 d - a scroll of enchant weapon {unknown}
 f - a scroll of random uselessness {unknown}
 g - a scroll of teleportation {unknown}
 o - a scroll of magic mapping
 s - 2 scrolls of amnesia
 t - 2 scrolls of fear
Potions
 e - 2 potions of lignification
 i - a potion of degeneration {unknown}
 n - a potion of resistance
 p - 2 potions of curing
 q - 2 potions of heal wounds {unknown}
 r - a potion of haste {unknown}
 w - a potion of mutation {unknown}
 x - a potion of flight {unknown}
Comestibles
 c - 6 rations
 B - 2 chunks of flesh


   Skills:
 * Level 4.6 Short Blades
 + Level 3.7 Dodging
 + Level 5.2 Stealth
 * Level 0.3 Shields
 - Level 2.0 Spellcasting
 + Level 4.3 Hexes


You had 4 spell levels left.
You knew the following spells:

 Your Spells              Type           Power        Failure   Level  Hunger
a - Corona                Hex            ###....      4%          1    #......
b - Confuse               Hex            ###.....     16%         3    ###....
c - Ensorcelled Hibernat  Hex/Ice        #.....       19%         2    ###....

Your spell library contained the following spells:

 Spells                   Type           Power        Failure   Level  Hunger
 Tukima's Dance           Hex            ###.....     16%         3    ###....
 Dazzling Spray           Conj/Hex       #.....       36%         3    ###....


Dungeon Overview and Level Annotations

Branches:
Dungeon (5/15)
 Temple: D:4-7

Altars:

Annotations:
D:4 2 transporters
D:5 Prince Ribbit


Innate Abilities, Weirdness & Mutations

You cannot wear most types of armour.
You are very stealthy in the water. (Stealth+)
You are amphibious.
You can wear up to eight rings at the same time.
You can use your tentacles to constrict eight enemies at once.
Your skin changes colour to match your surroundings (Stealth+).
Your rubbery body absorbs attacks. (AC +1, EV +1)


Message History

Found a stone staircase leading down.
An orc comes into view. It is wielding a mace.
The orc shouts!
You hear a shout!
You hear a loud, deep croak!
An orc wizard comes into view. It is wielding a dagger.
Prince Ribbit comes into view.
Prince Ribbit croaks.
You hear a shout!
You barely miss the orc. You grab the orc. You constrict the orc.
Prince Ribbit hops awkwardly around.
You hit the orc.
You kill the orc!
The crimson imp blinks!
You barely miss the crimson imp. You grab the crimson imp.
You constrict the crimson imp.
The centaur wields a shortbow.
The centaur shoots an arrow.
The arrow hits you! The crimson imp hits you.
Prince Ribbit catches a mosquito with his tongue.
Prince Ribbit hits you!
You fade into invisibility!
You constrict the crimson imp, but do no damage.
The centaur shoots an arrow.
The arrow hits you. Prince Ribbit hits you!
You die...

,*
*,,****,*#.#*,*,****,*
,*****,,,,,,,,>..,***,*
*,*
,,,,,,,,,,,,,,...,,*,**
*,*
,*****,*****,*#.#**,**
*,* ,* *,* *,*#.#
*,**##*,* ,* *,* *,*#.#
*,,..,,,* ,*****,*
*,*#)# *,.####,*
,,,,,,,*
*,*#F###......,*
,*******
*,*#.@.§c#**,*** ,*
*,*#.5#### *,* ,*
*,*#..# *,* ,* *,*#..#
*,* ,* *,*#..# *,* **
*,*#.<# *,* *,*#..# *,*
*,*#..# *,* *,*#%.# *,*


You could see Prince Ribbit, a centaur and a crimson imp.

Vanquished Creatures
  Sigmund (D:3)
  An orc priest (D:3)
  An orc wizard (D:3)
  Ijyb (D:4)
  A worker ant (D:4)
  Robin (D:3)
  7 gnolls
  2 adders (D:3)
  An ooze (D:3)
  An adder zombie (D:3)
  A worm (D:3)
  5 leopard geckos
  9 orcs
  7 bats
  2 giant cockroaches (D:1)
  11 goblins
  11 hobgoblins
  4 jackals (D:3)
  4 quokkas (D:4)
  2 ball pythons (D:3)
  7 kobolds
  6 rats
86 creatures vanquished.

Notes
Turn   | Place    | Note
-------+----------+-------------------------------------------
     0 | D:1      | iamserjio the Octopode Enchanter began the quest for the Orb.
     0 | D:1      | Reached XP level 1. HP: 11/11 MP: 3/3
   175 | D:1      | Reached XP level 2. HP: 17/17 MP: 5/5
   696 | D:1      | Reached XP level 3. HP: 21/21 MP: 6/6
   882 | D:2      | Learned a level 3 spell: Confuse
   885 | D:2      | Learned a level 2 spell: Ensorcelled Hibernation
  1588 | D:3      | HP: 1/21 [orc priest/divine providence (10)]
  2301 | D:3      | Reached XP level 4. HP: 27/27 MP: 3/7
  2428 | D:3      | Noticed Robin
  2756 | D:3      | Killed Robin
  2756 | D:3      | Reached skill level 5 in Stealth
  2870 | D:3      | Reached XP level 5. HP: 31/31 MP: 8/8
  3274 | D:3      | Noticed Sigmund
  4023 | D:3      | Killed Sigmund
  4023 | D:3      | Reached XP level 6. HP: 36/36 MP: 5/9
  5396 | D:4      | Noticed Ijyb
  5418 | D:4      | Killed Ijyb
  5574 | D:4      | Found a transporter.
  5785 | D:4      | Found a transporter.
  5789 | D:4      | Noticed an ice beast
  5789 | D:4      | Noticed an ice beast
  5790 | D:4      | Noticed an ice beast
  6284 | D:4      | Reached XP level 7. HP: 35/41 MP: 10/10
  6481 | D:5      | Entered Level 5 of the Dungeon
  6495 | D:5      | Noticed Prince Ribbit
  6502 | D:5      | Slain by Prince Ribbit

Vault maps used:
D:1:      evilmike_arrival_fibonacci_small, st_stairs_8
D:3:      uniq_robin, uniq_sigmund
D:4:      gammafunk_cloud_chamber, minivault_27, uniq_ijyb
D:5:      first_ration, gup_sewer_entry_glass, minmay_hedge_maze, uniq_menkaure,
          uniq_prince_ribbit1

Skill      XL: |  1  2  3  4  5 |
---------------+----------------+-----
Short Blades   | 2 4 |  4.6
Stealth        | 5 |  5.2
Dodging        | 3 |  3.7
Hexes          | 4 |  4.3
Shields        | |  0.3
Spellcasting   | |  2.0

Action                   |  1- 3 |  4- 6 |  7- 9 || total
-------------------------+-------+-------+-------++-------
Melee: Dagger            |    67 |   165 |     3 ||   235
       Constrict         |    14 |    35 |     2 ||    51
       Tentacles         |     8 |    21 |     1 ||    30
 Cast: Confuse           |     2 |    20 |       ||    22
       Ensorcelled Hiber |       |     1 |       ||     1
  Use: Scroll            |       |       |     6 ||     6
       Potion            |       |       |     1 ||     1
 Stab: Sleeping          |    22 |    13 |       ||    35
       Confused          |     2 |     4 |       ||     6
  Eat: Chunk             |     4 |     5 |     1 ||    10
       Ration            |       |     3 |       ||     3
Armor: Skin              |     6 |    19 |       ||    25
Dodge: Dodged            |    28 |    74 |       ||   102
Block: Buckler           |       |     1 |       ||     1

Table legend:
 A = Spawn XP
 B = Non-spawn XP
 C = Spawn XP percentage of total XP
 D = Spawn monster count
 E = Non-spawn monster count
 F = Spawn count percentage of total count
 G = Total turns spent on level
                    A         B        C        D         E        F      G
               +---------+---------+-------+---------+---------+-------+---------
         Total |       0 |     624 |   0.0 |       0 |      86 |   0.0 |  6502
               +---------+---------+-------+---------+---------+-------+---------
           D:1 |       0 |      34 |   0.0 |       0 |      19 |   0.0 |   781
           D:2 |       0 |      20 |   0.0 |       0 |      11 |   0.0 |  2672
           D:3 |       0 |     445 |   0.0 |       0 |      46 |   0.0 |  1920
           D:4 |       0 |     122 |   0.0 |       0 |       9 |   0.0 |  1108
           D:5 |       0 |       3 |   0.0 |       0 |       1 |   0.0 |    21
               +---------+---------+-------+---------+---------+-------+---------
